 Dungeon Crawl Stone Soup version 0.25-a0-448-g1f46b9f714 (webtiles) character file.

Game seed: 18350986659123231850, levelgen mode: deterministic

29764 FRZBLD the Slicer (level 13, 0/87 HPs)
             Began as a Kobold Berserker on Jan 30, 2020.
             Was an Elder of Trog.
             Slain by a death yak (6 damage)
             ... on level 4 of the Lair of Beasts on Jan 31, 2020.
             The game lasted 01:50:53 (20942 turns).

FRZBLD the Slicer (Kobold Berserker)               Turns: 20942, Time: 01:50:54

Health: 0/87       AC: 13    Str: 19    XL:     13   Next: 83%
Magic:  7/7        EV: 19    Int: 11    God:    Trog [****..]
Gold:   856        SH: 10    Dex: 19    Spells: 12/12 levels left

rFire    . . .     SeeInvis .   a - +2 rapier (antimagic)
rCold    + + +     Gourm    .   x - +1 shield {rC+}
rNeg     . . .     Faith    .   B - +1 scale mail "Jiegush" {Int+2 Dex+7}
rPois    .         Spirit   .   (no helmet)
rElec    .         Reflect  .   L - +2 cloak {rC+}
rCorr    .         Harm     .   p - +0 pair of gloves
MR       .....                  (no boots)
Stlth    ..........             (no amulet)
HPRegen  0.24/turn              m - ring of ice
MPRegen  0.10/turn              K - ring of protection from cold

@: no status effects
A: small, carnivore, clumsy 1, fire resistance 1
a: Berserk, Trog's Hand, Brothers in Arms, Renounce Religion


You were on level 4 of the Lair of Beasts.
You worshipped Trog.
Trog was greatly pleased with you.
You were full.

You visited 3 branches of the dungeon, and saw 15 of its levels.
You also visited: Sewer, Ossuary and Ice Cave.

You collected 856 gold pieces.

Inventory:

Hand Weapons
 a - a +2 antimagic rapier (weapon)
 l - a +3 vorpal flail
 v - a +1 short sword of flaming
 H - a +2 long sword of distortion
Missiles
 h - 13 bolts
Armour
 p - a +0 pair of gloves (worn)
 x - a +1 shield of cold resistance (worn)
 B - the +1 scale mail "Jiegush" (worn) {Int+2 Dex+7}
   (You found it on level 9 of the Dungeon)

   It affects your intelligence (+2).
   It affects your dexterity (+7).
   If you remove this armour, your AC will fall 9 points (13 -> 4)
 L - a +2 cloak of cold resistance (worn)
Jewellery
 m - a ring of ice (left hand)
 K - a ring of protection from cold (right hand)
Wands
 y - a wand of acid (15)
 A - a wand of paralysis (7)
 D - a wand of flame (19)
Scrolls
 b - a scroll of immolation {unknown}
 d - 16 scrolls of identify
 f - 3 scrolls of magic mapping {unknown}
 g - 2 scrolls of holy word {unknown}
 n - a scroll of remove curse
 o - 2 scrolls of fear {unknown}
 q - 2 scrolls of blinking
 t - 2 scrolls of noise {unknown}
 C - a scroll of enchant armour {unknown}
 E - a scroll of teleportation {unknown}
 F - a scroll of enchant weapon {unknown}
 I - a scroll of random uselessness {unknown}
Potions
 i - 2 potions of cancellation {unknown}
 k - 7 potions of curing
 s - a potion of berserk rage {unknown}
 u - a potion of brilliance {unknown}
 z - 3 potions of might {unknown}
 G - 5 potions of flight
 J - a potion of invisibility {unknown}
Comestibles
 c - 41 rations


   Skills:
 + Level 12.5 Fighting
 - Level 14.2 Short Blades
   Level 6.0 Crossbows
 * Level 7.3 Armour
 - Level 12.0 Dodging
 * Level 2.1 Shields
 - Level 11.8 Evocations


You had 12 spell levels left.
You didn't know any spells.
Your spell library contained the following spells:

 Spells                   Type           Power        Failure   Level  Hunger
 Magic Dart               Conj           #...         99%         1    ##.....
 Searing Ray              Conj           #.....       100%        2    ###....
 Dazzling Flash           Conj/Hex       #.....       100%        3    ####...
 Fulminant Prism          Conj/Hex       #.........   100%        4    #####..
 Iskenderun's Mystic Bla  Conj/Tloc      #.......     100%        4    #####..


Dungeon Overview and Level Annotations

Branches:
Dungeon (10/15)            Temple (0/1) D:5            Lair (4/6) D:9
 Shoals (0/4) Lair:2        Snake (1/4) Lair:2          Orc (0/2) D:10
  Sewer (visited)         Ossuary (visited)           IceCv (visited)

Altars:
Ashenzari
Cheibriados
Fedhas
Gozag
Hepliaklqana
Kikubaaqudgha
Qazlal
Sif Muna
Trog
Uskayaw
Wu Jian

Shops:
D:5 =   D:6 [   D:8 %


Innate Abilities, Weirdness & Mutations

You are small and have problems with some larger weapons.
You are carnivorous and can eat meat at any time.
You are clumsy. (Dex -2)
Your flesh is heat resistant. (rF+)


Message History

The death yak is heavily wounded.
You block the death yak's attack. The death yak completely misses you.
You hit the death yak but do no damage.
The death yak is heavily wounded.
The death yak gores you!!
* * * LOW HITPOINT WARNING * * *
You hit the death yak but do no damage.
The death yak is heavily wounded.
You block the death yak's attack.
You hit the death yak but do no damage.
The death yak is heavily wounded.
You block the death yak's attack.
You hit the death yak.
The death yak is heavily wounded.
The death yak gores you.
* * * LOW HITPOINT WARNING * * *
You hit the death yak.
The death yak is severely wounded.
The death yak closely misses you. The death yak gores you.
You die...

.. P# ....# .P#
.....## ##...#
.....#.####.#...#
................#
.........Y@Y...#
...............#
...............#
......÷.÷......#
.....#.##+##...#
......###...#...#
.....##...##....#
#.......Y# ...#
#...##...# .##


You could see 2 death yaks.

Vanquished Creatures
  A frost giant (IceCv)
  2 two-headed ogres
  2 death yaks (Lair:4)
  3 black mambas
  5 elephants (Lair:3)
  A merfolk siren (Lair:2)
  An ice statue (IceCv)
  4 spiny frogs
  6 komodo dragons (Lair:2)
  15 polar bears (IceCv)
  3 hippogriffs
  7 blink frogs (Lair:3)
  A basilisk (Lair:1)
  23 yaks
  A hungry ghost (D:7)
  Edmund (D:6)
  Menkaure (D:6)
  11 porcupines
  A swamp drake (D:10)
  3 orc warriors
  3 ice beasts
  2 sky beasts
  A black bear (D:9)
  17 wolves
  2 phantoms
  6 ogres
  7 centaurs
  4 crocodiles
  3 big kobolds
  6 bullfrogs
  2 scorpions
  7 killer bees
  5 wights (D:10)
  6 howler monkeys
  3 crimson imps
  A centaur zombie (D:5)
  5 hounds
  Crazy Yiuf (D:3)
  5 orc priests
  A bullfrog skeleton (D:6)
  Jessica (D:3)
  2 iguanas
  Terence (D:3)
  7 worker ants
  3 orc wizards
  8 big kobold zombies (Ossuary)
  A killer bee zombie (D:5)
  A mummy (Ossuary)
  A howler monkey zombie (D:7)
  10 adders
  2 shadow imps
  8 oozes
  2 adder skeletons
  An adder zombie (D:6)
  A worm (D:3)
  4 dart slugs
  18 leopard geckos
  32 orcs
  4 spectral bats (Ossuary)
  15 ball pythons
  13 giant cockroaches
  4 gnoll zombies (Ossuary)
  9 goblins
  6 hobgoblins
  13 jackals
  19 kobolds
  3 quokkas (D:4)
  5 bats
  4 bat simulacra (Ossuary)
  15 frilled lizards
  5 goblin simulacra (Ossuary)
  5 goblin zombies (Ossuary)
  4 hobgoblin zombies (Ossuary)
  2 kobold zombies (Ossuary)
  2 leopard gecko skeletons
  A leopard gecko zombie (D:5)
  7 orc zombies (Ossuary)
  8 rats
  3 rat simulacra (Ossuary)
  5 spectral goblins (Ossuary)
  4 spectral kobolds (Ossuary)
  3 spectral rats (Ossuary)
441 creatures vanquished.

Vanquished Creatures (others)
  8 fungi
  A plant (Lair:3)
9 creatures vanquished.

Grand Total: 450 creatures vanquished

Notes
Turn   | Place    | Note
-------+----------+-------------------------------------------
     0 | D:1      | FRZBLD the Kobold Berserker began the quest for the Orb.
     0 | D:1      | Reached XP level 1. HP: 14/14 MP: 1/1
   549 | D:1      | Reached XP level 2. HP: 16/19 MP: 2/2
   820 | D:1      | Reached XP level 3. HP: 16/23 MP: 3/3
  1324 | D:1      | Reached ** piety under Trog
  1407 | D:1      | Reached skill level 5 in Short Blades
  1850 | D:2      | Noticed a centaur
  1858 | D:2      | Killed a centaur
  1858 | D:2      | Reached skill level 6 in Short Blades
  1858 | D:2      | Reached XP level 4. HP: 29/29 MP: 4/4
  1858 | D:2      | Reached XP level 5. HP: 33/33 MP: 5/5
  2248 | D:3      | Noticed Jessica
  2250 | D:3      | Killed Jessica
  2373 | D:3      | Noticed Terence
  2382 | D:3      | Killed Terence
  2382 | D:3      | Reached XP level 6. HP: 39/39 MP: 6/6
  2776 | D:3      | Reached skill level 7 in Short Blades
  2781 | D:3      | Found a shimmering blue altar of Sif Muna.
  3056 | D:3      | You fall into a shaft and drop 2 floors!
  3056 | D:5      | Entered Level 5 of the Dungeon
  3144 | D:4      | Found an ancient bone altar of Kikubaaqudgha.
  3147 | D:4      | Found a hazy altar of Hepliaklqana.
  3150 | D:4      | Found a snail-covered altar of Cheibriados.
  3153 | D:4      | Found a hide-covered altar of Uskayaw.
  3198 | D:4      | Reached XP level 7. HP: 23/44 MP: 7/7
  3246 | D:4      | Reached skill level 5 in Fighting
  3270 | D:4      | Found a sand-covered staircase.
  3275 | Ossuary  | Entered an ossuary
  3286 | Ossuary  | Reached *** piety under Trog
  3528 | Ossuary  | Reached skill level 8 in Short Blades
  3749 | Ossuary  | Reached skill level 5 in Dodging
  3818 | Ossuary  | Reached **** piety under Trog
  3850 | Ossuary  | Gained mutation: You have a pair of small antennae on your
                  | head. [potion of mutation]
  3850 | Ossuary  | Gained mutation: Armour fits poorly on your strangely
                  | shaped body. [potion of mutation]
  3850 | Ossuary  | Gained mutation: You are resistant to hostile enchantments.
                  | (MR+) [potion of mutation]
  3850 | Ossuary  | Gained mutation: Your spells are a little harder to cast,
                  | but a little more powerful. [potion of mutation]
  4300 | D:3      | Reached XP level 8. HP: 50/50 MP: 8/8
  4333 | D:3      | Found a runed translucent door.
  4334 | D:3      | Noticed Crazy Yiuf
  4343 | D:3      | Killed Crazy Yiuf
  5071 | D:5      | Found Qiofadd's Jewellery Shoppe.
  5472 | D:5      | Reached skill level 9 in Short Blades
  5762 | D:5      | Found a staircase to the Ecumenical Temple.
  5830 | D:5      | Reached skill level 12 in Short Blades
  5830 | D:5      | Reached skill level 10 in Dodging
  5830 | D:5      | Reached XP level 9. HP: 62/62 MP: 9/9
  6134 | D:6      | Noticed Menkaure
  6140 | D:6      | Killed Menkaure
  6301 | D:6      | Found a glowing drain.
  6313 | Sewer    | Entered a sewer
  6574 | Sewer    | Reached skill level 10 in Fighting
  6856 | Sewer    | Reached ***** piety under Trog
  6856 | Sewer    | Received a gift from Trog
  7045 | D:6      | Noticed Edmund
  7060 | D:6      | Killed Edmund
  7560 | D:6      | Found Vayfreut's Antique Armour Shop.
  8003 | D:7      | You fall into a shaft and drop 3 floors!
  8003 | D:10     | Entered Level 10 of the Dungeon
  8003 | D:10     | Found a staircase to the Orcish Mines.
  8012 | D:10     | Reached XP level 10. HP: 68/68 MP: 3/10
  8040 | D:10     | Reached skill level 13 in Short Blades
  8144 | D:10     | Reached skill level 5 in Evocations
  8144 | D:10     | Reached XP level 11. HP: 73/73 MP: 3/15
  8146 | D:10     | Identified the cursed +0 animal skin "Soyt" {Str-4 Int+6}
  9816 | D:7      | Found an ornate altar of the Wu Jian Council.
 10066 | D:8      | Noticed a two-headed ogre
 10074 | D:8      | Killed a two-headed ogre
 10249 | D:8      | Found a bloodstained altar of Trog.
 10261 | D:8      | Found Zujiopty's Food Boutique.
 10710 | D:8      | Received a gift from Trog
 11533 | D:9      | Got a warped scale mail
 11549 | D:9      | Identified the +1 scale mail "Jiegush" {Int+2 Dex+7} (You
                  | found it on level 9 of the Dungeon)
 11604 | D:9      | Found a faded altar of an unknown god.
 11604 | D:9      | Found a shattered altar of Ashenzari.
 11604 | D:9      | Noticed a two-headed ogre
 11612 | D:9      | Killed a two-headed ogre
 11692 | D:9      | Found a stormy altar of Qazlal.
 11694 | D:9      | Found a blossoming altar of Fedhas.
 11696 | D:9      | Found an opulent altar of Gozag.
 11864 | D:9      | Found a staircase to the Lair.
 11874 | Lair:1   | Entered Level 1 of the Lair of Beasts
 11996 | Lair:1   | Reached XP level 12. HP: 60/80 MP: 5/17
 12662 | Lair:1   | Reached skill level 5 in Armour
 13085 | Lair:2   | Found a staircase to the Snake Pit.
 13442 | Lair:2   | Reached skill level 14 in Short Blades
 13467 | Lair:2   | Found a frozen archway.
 13473 | IceCv    | Entered an ice cave
 16238 | IceCv    | Reached skill level 10 in Evocations
 16423 | IceCv    | Noticed a frost giant
 16487 | IceCv    | Killed a frost giant
 16487 | IceCv    | Reached XP level 13. HP: 85/85 MP: 6/20
 17377 | Lair:2   | Found a staircase to the Shoals.
 18323 | Snake:1  | Entered Level 1 of the Snake Pit
 18939 | Lair:3   | Received a gift from Trog
 20063 | Lair:3   | Reached skill level 1 in Shields
 20625 | Lair:4   | Lost mutation: Armour fits poorly on your strangely shaped
                  | body. [potion of mutation]
 20625 | Lair:4   | Lost mutation: Your spells are a little harder to cast, but
                  | a little more powerful. [potion of mutation]
 20625 | Lair:4   | Lost mutation: You have a pair of small antennae on your
                  | head. [potion of mutation]
 20625 | Lair:4   | Gained mutation: Your mind is acute. (Int +2) [potion of
                  | mutation]
 20625 | Lair:4   | Gained mutation: Your system is resistant to poisons.
                  | (rPois) [potion of mutation]
 20914 | Lair:3   | Lost mutation: You are resistant to hostile enchantments.
                  | (MR+) [potion of mutation]
 20914 | Lair:3   | Gained mutation: You are clumsy. (Dex -2) [potion of
                  | mutation]
 20914 | Lair:3   | Lost mutation: You are clumsy. (Dex -2) [potion of
                  | mutation]
 20914 | Lair:3   | Gained mutation: You have a pair of small antennae on your
                  | head. [potion of mutation]
 20915 | Lair:3   | Lost mutation: Your system is resistant to poisons. (rPois)
                  | [potion of mutation]
 20915 | Lair:3   | Lost mutation: Your mind is acute. (Int +2) [potion of
                  | mutation]
 20915 | Lair:3   | Lost mutation: You have a pair of small antennae on your
                  | head. [potion of mutation]
 20915 | Lair:3   | Gained mutation: You have a pair of small horns on your
                  | head. [potion of mutation]
 20915 | Lair:3   | Gained mutation: You are partially covered in thin metallic
                  | scales. (AC +2) [potion of mutation]
 20915 | Lair:3   | Gained mutation: Your spells are a little harder to cast,
                  | but a little more powerful. [potion of mutation]
 20916 | Lair:3   | Lost mutation: Your spells are a little harder to cast, but
                  | a little more powerful. [potion of mutation]
 20916 | Lair:3   | Lost mutation: You have a pair of small horns on your head.
                  | [potion of mutation]
 20916 | Lair:3   | Gained mutation: You are somewhat resistant to further
                  | mutation. [potion of mutation]
 20917 | Lair:3   | Lost mutation: You are partially covered in thin metallic
                  | scales. (AC +2) [potion of mutation]
 20917 | Lair:3   | Lost mutation: You are somewhat resistant to further
                  | mutation. [potion of mutation]
 20917 | Lair:3   | Gained mutation: You are agile. (Dex +2) [potion of
                  | mutation]
 20917 | Lair:3   | Gained mutation: Your flesh is cold resistant. (rC+)
                  | [potion of mutation]
 20917 | Lair:3   | Lost mutation: You are agile. (Dex +2) [potion of mutation]
 20917 | Lair:3   | Gained mutation: You passively map a small area around you.
                  | [potion of mutation]
 20918 | Lair:3   | Lost mutation: You passively map a small area around you.
                  | [potion of mutation]
 20918 | Lair:3   | Lost mutation: Your flesh is cold resistant. (rC+) [potion
                  | of mutation]
 20918 | Lair:3   | Gained mutation: You are clumsy. (Dex -2) [potion of
                  | mutation]
 20918 | Lair:3   | Gained mutation: Your flesh is heat resistant. (rF+)
                  | [potion of mutation]
 20919 | Lair:3   | Upgraded the game from 0.25-a0-443-gece2dee8bd to
                  | 0.25-a0-448-g1f46b9f714
 20942 | Lair:4   | Slain by a death yak

Levels and vault maps discovered:
D:1:      lemuel_arrival_funnel, layout_basic
D:2:      layout_basic, minmay_fractal_squares_5
D:3:      layout_rooms, nicolae_overflow_crystal_walls, uniq_jessica,
          uniq_terence, uniq_crazy_yiuf_cottage
D:4:      layout_cave_pools, grunt_temple_overflow_cloverleaf, first_ration,
          enter_ossuary_2
D:5:      layout_gridville, minmay_temple_entry_poolview, serial_shops, shop,
          kennysheep_generic_room_16
D:6:      layout_basic, serial_shops, nicolae_shop_stone,
          cheibrodos_sewer_entry_drain, uniq_edmund, uniq_menkaure
D:7:      layout_rooms, lemuel_round_altar
D:8:      layout_basic, basic_altar, serial_shops, nicolae_shop_crystal,
          grunt_ogre_cave
D:9:      minmay_distorted_concentric_squares, layout_basic,
          chequers_temple_overflow_minitemple, lair_entry_dummy,
          serial_park_tiny_2
D:10:     minmay_the_grid_triangle_9x9_rhombus_thin_mashed
          [minmay_the_grid_triangle_9x9_cache,
          minmay_the_grid_triangle_9x9_prize_special,
          minmay_the_grid_triangle_9x9_limited_checkers,
          minmay_the_grid_triangle_9x9_corrupted_corridor], layout_basic,
          erik_orc_1, minmay_misc_feat_nine_boxes, grunt_ministairs_4
Lair:1:   layout_roguey, lemuel_fruit_fields
Lair:2:   layout_roguey, minmay_shoals_entry_lonely_mermaid, dummy_snake_entry,
          portal_ice_cave_entry_pillars_1, beast_lair_carwin_11
Lair:3:   layout_regular_city, lemuel_fruit_fields, infiniplex_staircase_pool,
          lemuel_fruit_tree
Lair:4:   layout_regular_city, gammafunk_ghost_abyssal_escape, enter_volcano_1
Snake:1:  layout_chambers, grunt_megastairs_2, uniq_roxanne

Skill      XL: |  1  2  3  4  5  6  7  8  9 10 11 12 13 |
---------------+----------------------------------------+-----
Dodging        | 3 4 5 10 11 12 | 12.0
Short Blades   | 6 7 8 12 13 14 | 14.2
Fighting       | 4 5 9 10 11 12 | 12.5
Crossbows      | 6 |  6.0
Armour         | 4 6 7 |  7.3
Evocations     | 5 6 10 11 | 11.8
Shields        | 2 |  2.1

Action                   |  1- 3 |  4- 6 |  7- 9 | 10-12 | 13-15 || total
-------------------------+-------+-------+-------+-------+-------++-------
Melee: Short sword       |    93 |   135 |   596 |       |       ||   824
       Rapier            |       |       |   132 |   920 |   415 ||  1467
 Fire: Shortbow          |       |    43 |    38 |    75 |     2 ||   158
Throw: Stone             |     4 |       |       |       |       ||     4
Invok: Berserk           |     6 |     5 |     9 |    28 |    15 ||    63
       Trog's Hand       |       |     1 |     2 |     4 |     1 ||     8
Evoke: Wand              |       |       |       |       |     4 ||     4
  Use: Scroll            |     1 |     1 |     2 |     8 |       ||    12
       Potion            |       |       |     8 |     7 |     7 ||    22
 Stab: Sleeping          |     1 |       |       |       |       ||     1
       Paralysed         |       |       |       |       |     1 ||     1
  Eat: Chunk             |    16 |     9 |    24 |    48 |    30 ||   127
       Ration            |       |       |     1 |     3 |       ||     4
Armor: Animal skin       |    11 |       |       |       |       ||    11
       Ring mail         |       |    15 |    65 |     5 |       ||    85
       Plate armour      |       |       |       |    85 |       ||    85
       Scale mail        |       |       |       |    54 |    40 ||    94
Dodge: Dodged            |    73 |   100 |   374 |   579 |   184 ||  1310
Block: Shield            |       |       |       |       |   106 ||   106

Table legend:
 A = Non-vault XP
 B = Vault XP
 C = Vault XP percentage of total XP
 D = Non-vault monster count
 E = Vault monster count
 F = Vault count percentage of total count
                 A         B        C        D         E       F
            +---------+---------+-------+---------+---------+-------
      Total |   23075 |   14048 |  37.8 |     252 |     189 |  42.9
            +---------+---------+-------+---------+---------+-------
        D:1 |      47 |       0 |   0.0 |      24 |       0 |   0.0
        D:2 |     142 |       4 |   2.7 |      15 |       2 |  11.8
        D:3 |     172 |     114 |  39.9 |      29 |       3 |   9.4
        D:4 |     270 |       0 |   0.0 |      11 |       0 |   0.0
        D:5 |     156 |       3 |   1.9 |       9 |       2 |  18.2
        D:6 |     602 |     344 |  36.4 |      17 |       4 |  19.0
        D:7 |    1138 |       0 |   0.0 |      16 |       0 |   0.0
        D:8 |    1303 |     121 |   8.5 |      19 |       1 |   5.0
        D:9 |    2445 |     156 |   6.0 |      33 |       2 |   5.7
       D:10 |    1235 |     708 |  36.4 |      18 |      19 |  51.4
     Lair:1 |    2537 |       0 |   0.0 |      13 |       0 |   0.0
     Lair:2 |    2876 |    2647 |  47.9 |      12 |       8 |  40.0
     Lair:3 |    8458 |       0 |   0.0 |      34 |       0 |   0.0
     Lair:4 |    1694 |       0 |   0.0 |       2 |       0 |   0.0
      Sewer |       0 |     339 | 100.0 |       0 |      53 | 100.0
    Ossuary |       0 |     287 | 100.0 |       0 |      59 | 100.0
      IceCv |       0 |    9325 | 100.0 |       0 |      36 | 100.0
            +---------+---------+-------+---------+---------+-------
